 Dungeon Crawl Stone Soup version 0.28-a0-1447-ga5a8893891 (webtiles) character file.

Game seed: 573084203599544519

65 riojii the Grasshopper (level 3, 0/31 HPs)
             Began as a Draconian Warper on Jan 11, 2022.
             Killed from afar by Sigmund (15 damage)
             ... with a puff of flame
             ... on level 2 of the Dungeon.
             The game lasted 00:02:37 (2647 turns).

riojii the Grasshopper (Draconian Warper)           Turns: 2647, Time: 00:02:37

Health: 0/31       AC:  5    Str: 21    XL:     3   Next: 92%
Magic:  6/6        EV: 12    Int: 13    God:
Gold:   46         SH:  0    Dex: 16    Spells: 6/6 levels left

rFire   . . .      SeeInvis .   a - +0 hand axe (chaos)
rCold   . . .      Faith    .   (no shield)
rNeg    . . .      Spirit   .   (armour unavailable)
rPois   .          Reflect  .   (helmet restricted)
rElec   .          Harm     .   (no cloak)
rCorr   .          Rampage  .   (no gloves)
Will    .....                   (no boots)
Stlth   +.........              (no amulet)
HPRegen 0.10/turn               f - +6 ring of strength
MPRegen 0.10/turn               k - +6 ring of dexterity

@: no status effects
A: AC +5, unfitting armour, cold-blooded
a: no special abilities


You were on level 2 of the Dungeon.
You visited 1 branch of the dungeon, and saw 2 of its levels.

You collected 46 gold pieces.

Inventory:

Hand Weapons
 a - a +0 hand axe of chaos (weapon)
Missiles
 c - 5 boomerangs of dispersal (quivered)
Jewellery
 f - a +6 ring of strength (left hand)
 k - a +6 ring of dexterity (right hand)
Scrolls
 b - a scroll of blinking
 h - 2 scrolls of teleportation {unknown}
 l - a scroll of noise {unknown}
Potions
 d - 3 potions of curing
 e - a potion of heal wounds {unknown}
 g - a potion of mutation {unknown}
 i - a potion of brilliance {unknown}
 j - a potion of attraction {unknown}


   Skills:
 + Level 3.0 Fighting
 * Level 3.3 Axes
 - Level 0.8 Throwing
 - Level 2.1 Dodging
 - Level 2.0 Spellcasting
 + Level 3.5 Translocations


You had 6 spell levels left.
You didn't know any spells.
Your spell library contained the following spells:

 Spells                   Type           Power      Damage    Failure   Level
 Blink                    Tloc           20%        N/A       9%          2
 Gell's Gravitas          Tloc           10%        N/A       19%         3
 Lesser Beckoning         Tloc           10%        N/A       19%         3
 Teleport Other           Tloc           10%        N/A       19%         3
 Magic Dart               Conj           4%         1d3       26%         1
 Call Imp                 Summ           1%         N/A       36%         2
 Mephitic Cloud           Conj/Pois/Air  1%         N/A       58%         3
 Manifold Assault         Tloc           10%        N/A       86%         5


Dungeon Overview and Level Annotations

Branches:
Dungeon (2/15)

Altars:

Annotations:
D:2 Sigmund


Innate Abilities, Weirdness & Mutations

Your plain brown scales are hard. (AC +5)
You cannot fit into any form of body armour.
You are cold-blooded and may be slowed by cold attacks.


Message History

Sigmund says, "You will soon forget everything."
You see here a scroll labelled YFUQUN CEUTI.
Found 14 gold pieces.
Sigmund hits you with a +1 scythe of protection.
You hit Sigmund but do no damage. You tail-slap Sigmund.
Sigmund is lightly wounded.
Sigmund hits you with a +1 scythe of protection.
You hit Sigmund.
Sigmund is lightly wounded.
You closely miss Sigmund.
Your tail-slap misses Sigmund.
Sigmund is lightly wounded.
Sigmund gestures at you while chanting. You resist with significant effort.
Sigmund hits you with a +1 scythe of protection.
You hit Sigmund.
Sigmund is poisoned.
Sigmund is moderately wounded.
You closely miss Sigmund.
Sigmund is moderately wounded.
Sigmund hits you with a +1 scythe of protection!
You hit Sigmund. You burn Sigmund.
You tail-slap Sigmund, but do no damage.
Sigmund is moderately wounded.
Sigmund drinks a potion.
Sigmund is healed!
Sigmund looks more healthy.
Sigmund gestures wildly while chanting.
Sigmund flickers and vanishes!
Deactivating autopickup; reactivate with Ctrl-A.
You see here a scroll labelled YFUQUN CEUTI.
You hear some strange, mumbled words.
You are confused.
You bump into the rock wall.
You feel less confused.
You hear some strange, mumbled words.
Something tries to affect you, but you resist.
You feel agile.
k - a +6 ring of dexterity (right hand)
Something hits you but does no damage.
You hear some strange, mumbled words.
A puff of flame appears from out of thin air!
The puff of flame hits you!
You die...

######## #<...... ########
########
############.......
########
#.@........#.######
.......# #{########.#.#
.......#####.#......#.#.#
########>..{.....####.#.#.#
.........#####...#
##.#.#.###### #$#####..#
#.#.###..#.#>...... #. #..#
#.#..##.##.######## .#.###
#..# #.#..##.##.# ....
#..#####.#...#.##.#


There were no monsters in sight!

Vanquished Creatures
  An adder (D:2)
  2 worms (D:2)
  A dart slug (D:2)
  4 ball pythons
  2 endoplasms
  4 giant cockroaches (D:2)
  3 goblins (D:1)
  5 hobgoblins
  6 jackals (D:1)
  A kobold (D:1)
  2 quokkas
  6 bats
  4 frilled lizards
  3 rats (D:1)
44 creatures vanquished.

Notes
Turn   | Place    | Note
-------+----------+-------------------------------------------
     0 | D:1      | riojii the Draconian Warper began the quest for the Orb.
     0 | D:1      | Reached XP level 1. HP: 17/17 MP: 3/3
   220 | D:1      | Reached XP level 2. HP: 11/25 MP: 5/5
   985 | D:1      | Reached XP level 3. HP: 23/30 MP: 6/6
  2614 | D:2      | Noticed Sigmund
  2647 | D:2      | Killed from afar by Sigmund

Illustrated notes

Levels and vault maps discovered:
D:1:      ncdulo_watergridlock, layout_basic, serial_rivers,
          chequers_serial_rivers_micro_b, chequers_serial_rivers_small_b,
          chequers_serial_rivers_marsh, chequers_serial_rivers_small_3,
          chequers_serial_rivers_micro_e, minmay_indecisive_spiral
D:2:      layout_basic, minmay_door_square, minmay_misc_feat_roman, uniq_sigmund

Skill      XL: |  1  2  3 |
---------------+----------+-----
Axes           | 3 |  3.3
Fighting       | 3 |  3.0
Throwing       | |  0.8
Dodging        | |  2.1
Spellcasting   | |  2.0
Translocations | |  3.5

Action                   || total
-------------------------++-------
Melee: Hand axe          ||   127
       Tailslap          ||     9
       Punch             ||     1
  Use: Scroll            ||     1
 Stab: Distracted        ||     1
       Sleeping          ||     1
Armor: Skin              ||    50
Dodge: Dodged            ||    86

Table legend: (Time is in decaauts)
 A = Elapsed time spent in this place.
 B = Non-inter-level travel time spent in this place.
 C = Inter-level travel time spent in this place.
 D = Time resting spent in this place.
 E = Time spent auto-exploring this place.
 F = Levels seen in this place.
 G = Mean time per level.
                   A        B        C        D        E       F      G
               +--------+--------+--------+--------+--------+-----+--------+
         Total |   2676 |   2648 |     28 |      0 |   2296 |   2 | 1338.0 |
       Dungeon |   2676 |   2648 |     28 |      0 |   2296 |   2 | 1338.0 |
               +--------+--------+--------+--------+--------+-----+--------+

Top non-repeatable levels by time:
     D:1: 1505 daAuts
     D:2: 1170 daAuts
